Map: Giungla rovente

Players

Mørtebianca - Winner!

  • Race: Zerg Zerg
  • League: Diamond
  • Spawn Location: 12:00

Jhyrachy - Winner!

  • Race: Zerg Zerg
  • League: Silver
  • Spawn Location: 1:00

Külldrash

  • Race: Terran Terran
  • Spawn Location: 6:00

Prestoniac

  • Race: Terran Terran
  • Spawn Location: 7:00

VOD

Have the link to the VOD?

Description

Time

  • Played on: Dec. 9, 2015, 1:56 p.m.
  • Length: 10:18
Show
View Real Time Build Order
Export as new Build Order

Mørtebianca Zerg - Winner!

Build Orders: 3 Hatch before Pool 

Get SALT Encoding   

  12  0:01  Drone  
  13  0:08  Drone  
  14  0:17  Overlord  
  15  0:35  Drone x2  
  15  0:36  Drone  
  17  0:54  Hatchery  
  16  0:57  Drone  
  17  1:17  Hatchery  
  16  1:25  Drone x2  
  18  1:27  Drone  
  19  1:40  Spawning Pool  
  19  1:44  Drone  
  19  1:47  Extractor  
  19  1:48  Drone  
  19  2:00  Drone  
  20  2:06  Overlord  
  20  2:09  Drone  
  21  2:27  Drone  
  22  2:32  Drone x2  
  22  2:35  Drone  
  25  2:38  Drone  
  25  2:43  Drone  
  27  2:44  Drone  
  27  2:49  Hatchery  
  27  2:51  Metabolic Boost  
  27  2:53  Drone  
  27  2:56  Drone  
  29  2:58  Drone  
  29  3:02  Drone  
  29  3:03  Drone  
  29  3:05  Drone  
  33  3:07  Drone  
  35  3:12  Drone  
  35  3:13  Drone x2  
  35  3:17  Extractor  
  35  3:18  Extractor  
  35  3:21  Overlord  
  35  3:29  Drone x2  
  35  3:32  Drone  
  35  3:33  Queen  
  40  3:36  Overlord  
  40  3:39  Queen  
  42  3:44  Drone  
  42  3:45  Drone x2  
  45  3:49  Queen  
  45  3:52  Zergling x2  
  45  3:54  Zergling x2  
  49  3:56  Zergling x4  
  52  4:02  Zergling x2  
  52  4:06  Drone  
  52  4:08  Roach Warren  
  52  4:18  Drone x3  
  52  4:19  Drone x3  
  58  4:24  Drone  
  58  4:26  Lair  
  58  4:28  Drone  
  58  4:29  Extractor, Drone  
  58  4:30  Drone  
  61  4:33  Drone  
  62  4:40  Overlord  
  62  4:41  Overlord x2  
  62  4:42  Overlord  
  62  4:45  Overlord  
  62  4:51  Overlord  
  62  4:57  Roach  
  64  5:02  Evolution Chamber  
  64  5:03  Evolution Chamber  
  64  5:05  Drone x2  
  64  5:06  Roach  
  64  5:07  Roach x2  
  70  5:11  Drone x3  
  70  5:13  Drone  
  74  5:14  Drone  
  74  5:19  Roach x2  
  74  5:20  Roach  
  81  5:24  Queen  
  81  5:25  Drone  
  81  5:27  Drone  
  85  5:31  Drone x3  
  84  5:37  Zerg Missile Weapons Level 1  
  84  5:38  Zerg Ground Armor Level 1  
  84  5:39  Glial Reconstitution  
  84  5:43  Roach  
  84  5:44  Roach  
  84  5:45  Roach  
  90  5:52  Extractor, Drone  
  90  5:53  Extractor  
  90  5:54  Drone x3  
  90  5:55  Drone x3  
  95  5:57  Roach  
  95  5:59  Roach  
  95  6:01  Roach  
  101  6:06  Roach x2  
  101  6:07  Roach  
  101  6:08  Roach  
  101  6:09  Overlord  
  109  6:13  Overlord x2  
  109  6:16  Overlord  
  109  6:25  Hydralisk Den  
  108  6:27  Nydus Network  
  108  6:28  Drone x2  
  108  6:29  Drone  
  110  6:34  Roach x3  
  110  6:35  Roach x2  
  110  6:37  Burrow  
  110  6:39  Pneumatized Carapace  
  120  6:49  Roach  
  120  6:50  Roach x6  
  134  6:54  Overlord  
  134  6:55  Overlord  
  134  7:02  Overlord  
  134  7:03  Overlord x2  
  134  7:12  Hydralisk  
  134  7:13  Roach x2  
  134  7:14  Roach x4  
  148  7:18  Roach  
  148  7:21  Roach x3  
  156  7:23  Overlord  
  156  7:28  Overlord  
  156  7:34  Roach x3  
  156  7:35  Roach x3  
  168  7:46  Roach x7  
  179  7:55  Roach x3  
  179  7:56  Roach x3  
  185  8:02  Roach  
  185  8:03  Roach x3  
  173  8:07  Roach  
  173  8:11  Roach  
  173  8:12  Roach x2  
  157  8:19  Roach x3  
  157  8:25  Hydralisk  
  159  8:41  Overseer  
  159  8:48  Hydralisk x4  
  159  8:49  Hydralisk x3  
  159  8:54  Hatchery, Extractor  
  171  8:56  Extractor  
  171  8:58  Hydralisk x3  
  171  8:59  Hatchery  
  175  9:10  Nydus Canal  
  177  9:31  Roach x3  
  177  9:32  Roach x5  
  183  9:46  Roach  
  183  9:47  Roach x3  
  191  9:55  Ravager  
  191  9:58  Overlord x2  
  191  9:59  Overlord  
Show
View Real Time Build Order
Export as new Build Order

Jhyrachy Zerg - Winner!

Build Orders: Hatch First 

Get SALT Encoding   

  12  0:01  Drone  
  13  0:12  Drone  
  14  0:21  Extractor  
  13  0:22  Extractor  
  13  0:23  Drone  
  13  0:24  Drone  
  16  0:50  Overlord  
  16  0:56  Hatchery  
  15  1:09  Drone x3  
  18  1:14  Extractor  
  18  1:17  Spawning Pool  
  17  1:25  Drone  
  17  1:41  Drone  
  17  1:42  Drone  
  19  1:58  Drone  
  20  2:03  Overlord  
  20  2:04  Queen  
  22  2:09  Roach Warren  
  22  2:11  Queen  
  23  2:25  Drone x2  
  25  2:48  Metabolic Boost  
  25  2:55  Extractor, Lair  
  24  3:06  Drone  
  24  3:07  Drone x2  
  24  3:10  Drone x3  
  30  3:33  Baneling Nest  
  29  3:37  Queen  
  31  3:41  Extractor  
  31  3:42  Drone x4  
  35  3:48  Drone x2  
  35  3:50  Overlord x3  
  35  3:54  Overseer  
  36  4:30  Centrifical Hooks  
  36  4:33  Zergling x4  
  36  4:34  Zergling x10  
  43  4:39  Drone x2  
  45  4:47  Hatchery  
  44  5:09  Burrow  
  44  5:18  Drone x4  
  48  6:07  Overlord x2  
  48  6:08  Overlord  
  48  6:24  Zergling x8  
  48  6:25  Zergling x22  
  63  6:35  Baneling  
  63  6:36  Baneling x13  
  63  7:27  Overlord x4  
  57  8:00  Overlord x3  
  57  8:01  Zergling x2  
  57  8:02  Zergling x20  
  57  8:03  Zergling x8  
  72  8:06  Baneling x11  
  72  8:07  Baneling x18  
  72  8:32  Baneling  
  72  8:33  Baneling x18  
  72  8:34  Baneling x11  
  72  8:41  Zergling x2  
  72  8:42  Zergling x30  
  88  9:25  Zergling x2  
  88  9:26  Zergling x30  
  104  9:47  Hatchery  
Show
View Real Time Build Order
Export as new Build Order

Külldrash Terran 

Build Orders: MMM Bio 

Get SALT Encoding   

  12  0:01  SCV  
  13  0:13  SCV  
  14  0:17  Supply Depot  
  14  0:25  SCV  
  15  0:37  Refinery  
  15  0:41  Barracks  
  15  0:45  SCV  
  16  0:57  SCV  
  16  1:02  Barracks  
  17  1:09  SCV  
  18  1:17  Supply Depot  
  18  1:27  SCV  
  19  1:36  Barracks Reactor  
  19  1:44  Barracks  
  19  1:46  SCV  
  20  1:51  Barracks Reactor  
  20  1:58  SCV  
  21  2:01  Supply Depot  
  21  2:10  SCV  
  21  2:14  Engineering Bay  
  21  2:15  Marine x2  
  22  2:22  SCV  
  25  2:27  Marine x2  
  27  2:33  Barracks Tech Lab  
  27  2:46  Barracks Tech Lab  
  27  2:51  Orbital Command  
  27  2:54  Marine x3  
  27  2:55  Marine  
  31  2:58  Terran Infantry Weapons Level 1  
  31  3:04  Supply Depot  
  31  3:13  Stimpack  
  31  3:15  Marine  
  31  3:16  Marine  
  31  3:18  Marine  
  34  3:20  Marine  
  34  3:23  Marine  
  36  3:35  Supply Depot  
  36  3:36  Marine x2  
  36  3:37  Marine  
  39  3:51  Marine x2  
  39  3:53  Marine  
  42  4:01  Marine  
  42  4:02  Marine  
  44  4:09  Marine  
  45  4:10  Factory  
  45  4:11  Marine  
  46  4:19  Marine x2  
  46  4:22  Marine  
  49  4:27  Marine  
  49  4:29  Marine  
  49  4:31  Supply Depot  
  51  4:33  Supply Depot  
  51  4:37  Marine  
  52  4:38  Marine  
  52  4:39  Marine  
  54  4:52  SCV  
  55  4:54  Refinery  
  55  5:06  Armory  
  55  5:11  Starport, Marine x2  
  55  5:12  Marine x2  
  55  5:13  Combat Shields  
  55  5:14  Marine  
  60  5:26  Supply Depot  
  60  5:31  Marine x5  
  65  5:40  Terran Infantry Armor Level 1  
  65  5:48  Marine, Medivac  
  68  5:52  Marine x3  
  68  5:57  Supply Depot  
  71  6:14  Marine x3  
  71  6:15  Marine  
  75  6:20  Supply Depot  
  75  6:21  Supply Depot  
  75  6:23  Medivac  
  77  6:29  Marine  
  77  6:32  Marine  
  79  6:41  Marine  
  79  6:42  Marine  
  81  7:00  Marine x2  
  81  7:01  Marine  
  84  7:10  Medivac  
  84  7:15  Marine x2  
  88  7:18  Marine  
  88  7:39  Command Center  
  88  7:41  Marine  
  88  7:42  Marine x2  
  64  8:16  Marine x3  
  64  8:17  Marine x2  
  67  8:46  Barracks Tech Lab  
  67  8:47  Marauder  
  68  8:51  Barracks Tech Lab  
  68  8:53  SCV  
  69  9:03  Barracks  
  69  9:05  SCV  
  70  9:11  Concussive Shells  
  70  9:13  Barracks  
  70  9:17  SCV  
  71  9:29  SCV  
  64  9:49  Marauder x3  
Show
View Real Time Build Order
Export as new Build Order

Prestoniac Terran 

Build Orders:  

Get SALT Encoding   

  12  0:01  SCV  
  13  0:13  SCV  
  14  0:25  SCV  
  15  0:32  Supply Depot  
  15  0:43  Refinery  
  15  0:59  Barracks  
  15  1:05  SCV  
  16  1:18  SCV  
  17  1:28  Refinery  
  17  1:30  SCV  
  18  1:42  SCV  
  19  1:51  Factory  
  20  1:54  SCV  
  20  2:03  Supply Depot  
  20  2:04  Barracks Tech Lab  
  20  2:06  SCV  
  21  2:18  SCV  
  22  2:23  Factory  
  22  2:30  SCV  
  23  2:42  SCV  
  24  2:54  SCV  
  25  3:09  Armory  
  25  3:11  Orbital Command  
  25  3:21  Factory Reactor  
  25  3:34  Engineering Bay  
  25  3:54  Infernal Pre-Igniter  
  25  4:01  Hellion x2  
  31  4:03  Hellion  
  31  4:18  Supply Depot  
  31  4:20  Factory  
  31  4:21  Terran Vehicle Weapons Level 1  
  31  4:40  Hellion x3  
  37  4:58  Supply Depot  
  37  5:01  Hellion x3  
  43  5:12  Starport  
  43  5:20  Armory, Supply Depot  
  43  5:22  Hellion x2  
  47  5:28  Engineering Bay  
  47  5:30  Factory Reactor  
  47  5:42  Supply Depot  
  47  5:44  Hellion x2  
  51  5:59  Hellion  
  53  6:05  Hellion x2  
  57  6:13  Sensor Tower  
  57  6:19  Medivac  
  57  6:20  Hellion  
  61  6:49  Medivac  
  63  6:57  Command Center  
  63  7:02  Hellion x3  
  69  7:12  Terran Vehicle And Ship Armor Level 1  
  69  7:23  Hellion  
  71  7:31  Hellion x4  
  71  7:35  Hellion x5  
  71  7:36  Hellion x3  
  39  8:43  Hellion x4  
  39  8:57  SCV  
  41  9:10  SCV  
  41  9:22  SCV  
  40  9:34  SCV  
  33  9:46  SCV  
Tags
 
Add a new tag
Caveats
  • Supply blocks, unpowered buildings, or Contaminate may cause inaccurate times.
  • Supply counts are checked every 10 seconds.